 Dungeon Crawl Stone Soup version 0.31-a0-1025-g2e47921a08 (webtiles) character file.

Game seed: 2519598114465770851

13 kae the Vexing (level 2, 0/19 HPs)
             Began as a Demonspawn Enchanter on Nov 17, 2023.
             Slain by a jackal (1 damage)
             ... on level 1 of the Dungeon.
             The game lasted 00:00:21 (367 turns).

kae the Vexing (Demonspawn Enchanter)                Turns: 367, Time: 00:00:22

Health: 0/19       AC:  2    Str:  8    XL:     2   Next: 24%
Magic:  3/5        EV: 12    Int: 16    God:
Gold:   22         SH:  0    Dex: 13    Spells: 3/5 levels left

rFire   . . .        a - +1 dagger
rCold   . . .        (no shield)
rNeg    . . .        b - +0 robe
rPois   .            (no helmet)
rElec   .            (no cloak)
rCorr   .            (no gloves)
SInv    .            (no boots)
Will    .....        (no amulet)
Stlth   ++           (no ring)
HPRegen 0.23/turn    (no ring)
MPRegen 0.09/turn

%: no passive effects
@: no status effects
A: foul stench 1
a: no special abilities


You were on level 1 of the Dungeon.
You visited 1 branch of the dungeon, and saw 1 of its levels.

You collected 22 gold pieces.


Innate Abilities, Weirdness & Mutations

You may rarely emit foul miasma when damaged in melee.


   Skills:
 * Level 1.4 Short Blades
 - Level 1.7 Dodging
 + Level 2.9 Stealth
 + Level 2.1 Spellcasting
 + Level 3.1 Hexes


You had 3 spell levels left.
You knew the following spells:

 Your Spells              Type           Power      Damage    Failure   Level
a - Ensorcelled Hibernat  Hex/Ice        12%        N/A       16%         2

Your spell library contained the following spells:

 Spells                   Type           Power      Damage    Failure   Level
 Confusing Touch          Hex            11%        N/A       17%         3
 Tukima's Dance           Hex            11%        N/A       17%         3
 Sandblast                Erth           2%         2d4       21%         1
 Passwall                 Tmut/Erth      0%         N/A       30%         2
 Dazzling Flash           Conj/Hex       12%        N/A       32%         3
 Gell's Gravitas          Tloc           1%         N/A       52%         3
 Stone Arrow              Conj/Erth      2%         3d7       52%         3
 Teleport Other           Tloc           1%         N/A       52%         3
 Brom's Barrelling Bould  Conj/Erth      1%         2d3       90%         4
 Dispersal                Tloc           0%         N/A       100%        6

Inventory:

Hand Weapons
 a - a +1 dagger (weapon)
Missiles
 d - 3 stones
Armour
 b - a +0 robe (worn)
Potions
 c - 2 potions of invisibility

Dungeon Overview and Level Annotations

Branches:
Dungeon (1/15) Zot: 5634

Altars:

.# .# .# ######### (#
........# #.# #.......# #.#
### #......†###.##...#.
........Kh@....#...
........###.##...# ... .#
...............# ......#.##
#............####... .)#..#
###..###.##?........#......
#.. #.##.#.#....#.#....#
... #.##....#..##.##..#.
#### #.##....#..#...#..#.
#.##.#..#..#...#..#.


You could see a jackal and a kobold.


Message History

The jackal closely misses you.
You hit the jackal. The jackal bites you.
The jackal closely misses you. 😕 HP[-2]
You take 2 damage, and now have 17/19 hp.
You hit the jackal. You hit the jackal.
You kill the jackal!
The jackal bites you. x2
A kobold comes into view. It is wielding a +0 dagger. 😮 HP[-4]
You take 4 damage, and now have 13/19 hp.
MASSIVE DAMAGE!! (PAUSE)
The jackal attacks as it pursues you! The jackal barely misses you.
The jackal bites you but does no damage.
The jackal misses you. The jackal barely misses you. 😮 HP[+1]
The jackal attacks as it pursues you! The jackal closely misses you.
Unknown command.
You hit the jackal. The jackal bites you. x2 😮 HP[-4]
You take 4 damage, and now have 10/19 hp.
MASSIVE DAMAGE!! (PAUSE)
You completely miss the jackal. The jackal misses you.
You hit the jackal but do no damage. The jackal barely misses you.
Unknown command.
You hit the jackal.
The jackal bites you but does no damage.
The jackal closely misses you. 😮 HP[+1] Unknown command.
You hit the jackal but do no damage.
The jackal bites you but does no damage.
You hit the jackal.
You kill the jackal!
Unknown command.
You hit the jackal but do no damage. The jackal misses you.
Unknown command.
You hit the jackal. The jackal bites you.
* * * LOW HITPOINT WARNING * * *
The jackal barely misses you. 😨 HP[-2]
You take 2 damage, and now have 9/19 hp.
You hit the jackal but do no damage. The jackal barely misses you.
Unknown command.
You hit the jackal. Your punch misses the jackal. The jackal bites you.
* * * LOW HITPOINT WARNING * * *
😨 HP[-2]
You take 2 damage, and now have 7/19 hp.
You barely miss the jackal. The jackal bites you.
* * * LOW HITPOINT WARNING * * *
The jackal closely misses you. 😨 HP[-2]
You take 2 damage, and now have 5/19 hp.
Unknown command.
You barely miss the jackal. The jackal bites you.
* * * LOW HITPOINT WARNING * * *
😱 HP[-1]
You take 1 damage, and now have 4/19 hp.
You completely miss the jackal. The jackal bites you.
* * * LOW HITPOINT WARNING * * *
😱 HP[-1]
You take 1 damage, and now have 3/19 hp.
You hit the jackal but do no damage.
The jackal bites you but does no damage.
The jackal barely misses you.
You hit the jackal.
You kill the jackal!
The kobold throws a stone.
The stone closely misses you.
Casting: Ensorcelled Hibernation (safe; 16% risk of failure)
Confirm with . or Enter, or press ? or * to list all spells.
Aiming: Ensorcelled Hibernation (safe; 16% risk of failure)
Press: ? - help, Shift-Dir - straight line, f - jackal
Aim: a jackal (chance to affect: 57%)
The jackal looks drowsy... 😱 MP[-2]
You lost 2 mp, and now have 3/5 mp.
The jackal barks!
The jackal bites you.
* * * LOW HITPOINT WARNING * * *
Unknown command.
You barely miss the jackal.
The jackal bites you but does no damage.
Unknown command.
You barely miss the jackal. The jackal misses you.
You closely miss the jackal. The jackal misses you.
The jackal bites you but does no damage.
Unknown command.
You barely miss the jackal. The jackal closely misses you.
You hit the jackal. Your punch misses the jackal.
The jackal barely misses you. 😱 HP[+1]
You miss the jackal. The jackal bites you.
* * * LOW HITPOINT WARNING * * *
The jackal bites you.
* * * LOW HITPOINT WARNING * * *
😱 HP[-3]
You take 3 damage, and now have 1/19 hp.
You barely miss the jackal. The jackal closely misses you.
Unknown command.
You closely miss the jackal. The jackal bites you.
You die...

Skill      XL: |  1 |
---------------+----+-----
Short Blades   | 1 |  1.4
Dodging        | |  1.7
Stealth        | |  2.9
Spellcasting   | |  2.1
Hexes          | |  3.1

Action                     || total
---------------------------++-------
  Melee: Dagger            ||    45
   Cast: Ensorcelled Hiber ||     1
   Stab: Sleeping          ||     4
 Armour: Robe              ||    29
  Dodge: Dodged            ||    28

Levels and vault maps discovered:
D:1:      erik_arrival_blinker_ship, layout_loops_ring

Notes
Turn   | Place    | Note
-------+----------+-------------------------------------------
     0 | D:1      | kae the Demonspawn Enchanter began the quest for the Orb.
     0 | D:1      | Reached XP level 1. HP: 13/13 MP: 3/3
     0 | D:1      | magus.rc [v1.11.3]
    22 | D:1      | Reached skill level 1 in Short Blades
   114 | D:1      | You add the spells Gell's Gravitas, Teleport Other and
                  | Dispersal to your library.
   212 | D:1      | Gained mutation: You may rarely emit foul miasma when
                  | damaged in melee. [demonic ancestry]
   212 | D:1      | Reached XP level 2. HP: 12/19 MP: 5/5
   215 | D:1      | Learned a level 2 spell: Ensorcelled Hibernation
   289 | D:1      | You pick up a book of Geomancy and begin reading...
   289 | D:1      | You add the spells Sandblast, Passwall, Stone Arrow and
                  | Brom's Barrelling Boulder to your library.
   354 | D:1      | HP: 4/19 [jackal (1)]
   359 | D:1      | HP: 3/19 [jackal (1)]
   365 | D:1      | HP: 2/19 [jackal (2)]
   367 | D:1      | Slain by a jackal

Vanquished Creatures
  A bat (D:1)
  An endoplasm (D:1)
  A goblin (D:1)
  2 hobgoblins (D:1)
  3 jackals (D:1)
  2 ball pythons (D:1)
  A frilled lizard (D:1)
11 creatures vanquished.

Table legend:
 A = Non-vault XP
 B = Vault XP
 C = Vault XP percentage of total XP
 D = Non-vault monster count
 E = Vault monster count
 F = Vault count percentage of total count
                 A         B        C        D         E       F
            +---------+---------+-------+---------+---------+-------
      Total |      19 |       0 |   0.0 |      11 |       0 |   0.0
            +---------+---------+-------+---------+---------+-------
        D:1 |      19 |       0 |   0.0 |      11 |       0 |   0.0
            +---------+---------+-------+---------+---------+-------

Skill      XL: |  1 |
---------------+----+-----
Short Blades   | 1 |  1.4
Dodging        | |  1.7
Stealth        | |  2.9
Spellcasting   | |  2.1
Hexes          | |  3.1

Action                     || total
---------------------------++-------
  Melee: Dagger            ||    45
   Cast: Ensorcelled Hiber ||     1
   Stab: Sleeping          ||     4
 Armour: Robe              ||    29
  Dodge: Dodged            ||    28

Illustrated notes

Table legend:
 A = Kills in this place as a percentage of kills in the entire game.
 B = Kills by you in this place as a percentage of kills by you in the entire game.
 C = Kills by friends in this place as a percentage of kills by friends in the entire game.
 D = Other kills in this place as a percentage of other kills in the entire game.
 E = Experience gained in this place as a percentage of experience gained in the entire game.
 F = Experience gained in this place divided by the number of levels of this place that you have seen.
                   A       B       C       D       E      F
               +-------+-------+-------+-------+-------+----------------------
         Total | 100.0 | 100.0 |   N/A |   N/A | 100.0 |  19.0
       Dungeon | 100.0 | 100.0 |   N/A |   N/A | 100.0 |  19.0
               +-------+-------+-------+-------+-------+----------------------

Table legend: (Time is in decaauts)
 A = Elapsed time spent in this place.
 B = Non-inter-level travel time spent in this place.
 C = Inter-level travel time spent in this place.
 D = Time resting spent in this place.
 E = Time spent auto-exploring this place.
 F = Levels seen in this place.
 G = Mean time per level.
                   A        B        C        D        E       F      G
               +--------+--------+--------+--------+--------+-----+--------+
         Total |    364 |    364 |      0 |      5 |    270 |   1 |  364.0 |
       Dungeon |    364 |    364 |      0 |      5 |    270 |   1 |  364.0 |
               +--------+--------+--------+--------+--------+-----+--------+

Top non-repeatable levels by time:
     D:1: 364 daAuts
